 Dungeon Crawl Stone Soup version 0.21.1-1-g345015f (webtiles) character file.

215 tidbits the Charmwright (level 5, -4/43 HPs)
             Began as a Gnoll Skald on June 29, 2018.
             Slain by an ogre
             ... wielding a +0 giant club
              (15 damage)
             ... on level 4 of the Dungeon.
             The game lasted 00:03:54 (306 turns).

tidbits the Charmwright (Gnoll Skald)                Turns: 306, Time: 00:03:55

Health: -4/43      AC:  3    Str: 13    XL:     5   Next: 92%
Magic:  6/12       EV: 14    Int: 16    God:
Gold:   16         SH:  0    Dex: 15    Spells: 3/14 levels left

rFire    . . .     SeeInvis .   a - +0 hand axe
rCold    . . .     Gourm    .   (no shield)
rNeg     . . .     Faith    .   b - +0 leather armour
rPois    .         Spirit   .   (no helmet)
rElec    .         Reflect  .   (no cloak)
rCorr    .         Harm     .   (no gloves)
MR       .....                  (no boots)
Stlth    ++........             (no amulet)
HPRegen  0.14/turn              (no ring)
MPRegen  0.13/turn              (no ring)

@: no status effects
A: distributed training, fangs 1, strong nose
a: no special abilities


You were on level 4 of the Dungeon.
You were not hungry.

You visited 1 branch of the dungeon, and saw 4 of its levels.

You collected 16 gold pieces.

Inventory:

Hand Weapons
 a - a +0 hand axe (weapon)
 n - a +0 flail
Armour
 b - a +0 leather armour (worn)
 e - a +0 pair of boots
Wands
 k - a wand of acid (4)
Scrolls
 g - a scroll of remove curse {unknown}
 i - a scroll of fear {unknown}
 j - a scroll of fog {unknown}
 l - a scroll of identify {unknown}
 m - a scroll of enchant armour {unknown}
Potions
 f - a potion of curing {unknown}
 h - 2 potions of invisibility {unknown}
 o - a potion of haste {unknown}
Books
 c - a book of Battle

   Spells                             Type                      Level
   a - Infusion                       Charms                       1
   b - Shroud of Golubria             Charms/Translocation         2
   c - Song of Slaying                Charms                       2
   d - Spectral Weapon                Hexes/Charms                 3
   e - Regeneration                   Charms/Necromancy            3
Comestibles
 d - a ration


   Skills:
 + Level 4.8 Fighting
 + Level 1.6 Short Blades
 + Level 1.6 Long Blades
 + Level 4.8 Axes
 + Level 1.6 Maces & Flails
 + Level 1.6 Polearms
 + Level 1.6 Staves
 + Level 1.6 Slings
 + Level 1.6 Bows
 + Level 1.6 Crossbows
 + Level 1.6 Throwing
 + Level 3.1 Armour
 + Level 4.8 Dodging
 + Level 1.6 Stealth
 + Level 1.6 Shields
 + Level 1.6 Unarmed Combat
 + Level 5.2 Spellcasting
 + Level 1.3 Conjurations
 + Level 1.3 Hexes
 + Level 5.6 Charms
 + Level 1.3 Summonings
 + Level 1.3 Necromancy
 + Level 1.3 Translocations
 + Level 1.3 Transmutations
 + Level 1.3 Fire Magic
 + Level 1.3 Ice Magic
 + Level 1.3 Air Magic
 + Level 1.3 Earth Magic
 + Level 1.3 Poison Magic
 + Level 1.9 Invocations
 + Level 1.6 Evocations


You had 3 spell levels left.
You knew the following spells:

 Your Spells              Type           Power        Failure   Level  Hunger
g - Shroud of Golubria    Chrm/Tloc      ###.......   7%          2    #......
i - Infusion              Chrm           ###.         1%          1    None
r - Regeneration          Chrm/Necr      ###.......   14%         3    ###....
w - Spectral Weapon       Hex/Chrm       ###.....     14%         3    ###....
y - Song of Slaying       Chrm           ###.....     2%          2    #......


Dungeon Overview and Level Annotations

Branches:
Dungeon (4/15)
 Temple: D:4-7

Altars:
Nemelex Xobeh


Innate Abilities, Weirdness & Mutations

Your experience applies equally to all skills.
You have very sharp teeth.
Your uncanny sense of smell can sniff out nearby items.


Message History

Found a scroll labeled GUTOLI NIOSM.
Found 14 bolts.
Found 12 gold pieces.
You see here a scroll labeled GUTOLI NIOSM.
l - a scroll labeled GUTOLI NIOSM
Found a scroll labeled NUNUHO LOTEOLO.
You see here 12 gold pieces.
You now have 16 gold pieces (gained 12).
An ooze comes into view.
Th3D0c's ghost (amateur Minotaur Berserker) comes into view.
You see here a scroll labeled NUNUHO LOTEOLO.
m - a scroll labeled NUNUHO LOTEOLO Th3D0c's ghost turns its malevolent gaze towards you.
Th3D0c's ghost moves out of view.
A scorpion comes into view.
Found a flail.
You see here a flail.
Casting: Spectral Weapon
Confirm with . or Enter, or press ? or * to list all spells.
You draw out your weapon's spirit!
The ooze hits you.
You hit the ooze.
The ooze is lightly wounded.
Your spectral weapon hits the ooze.
The ooze hits you but does no damage.
You hit the ooze.
The ooze is severely wounded.
Your spectral weapon hits the ooze but does no damage.
The ooze hits you but does no damage.
Unknown command.
Evoke which item? (* to show all) (? for menu, Esc to quit)
Aiming: Corrosive Bolt
Press: ? - help, Shift-Dir - straight line, f - Th3D0c's ghost
Aim: Th3D0c's ghost The bolt of acid hits Th3D0c's ghost.
Th3D0c's ghost is splashed with acid.
The acid corrodes Th3D0c's ghost!
Th3D0c's ghost is moderately damaged.
The ooze closely misses you.
You hit the ooze.
You kill the ooze!
Th3D0c's ghost closely misses your spectral weapon.
You swap places.
Th3D0c's ghost closely misses you.
Unknown command.
You hit Th3D0c's ghost.
Th3D0c's ghost is moderately damaged.
Th3D0c's ghost hits you!
* * * LOW HITPOINT WARNING * * *
Your spectral weapon hits Th3D0c's ghost!
You barely miss Th3D0c's ghost.
Th3D0c's ghost is heavily damaged.
Your spectral weapon hits Th3D0c's ghost.
Th3D0c's ghost hits you but does no damage.
Evoke which item? (* to show all) (? for menu, Esc to quit)
Aiming: Corrosive Bolt
Press: ? - help, Shift-Dir - straight line, f/p - Th3D0c's ghost
Aim: Th3D0c's ghost (heavily damaged, covered in acid)
The bolt of acid hits Th3D0c's ghost.
Th3D0c's ghost is splashed with acid.
The acid corrodes Th3D0c's ghost!
You destroy Th3D0c's ghost!
Your Armour skill increases to level 3!
Your Conjurations skill increases to level 1!
Your Hexes skill increases to level 1!
Your Summonings skill increases to level 1!
Your Necromancy skill increases to level 1!
Your Translocations skill increases to level 1!
Your Transmutations skill increases to level 1!
Your Fire Magic skill increases to level 1!
Your Ice Magic skill increases to level 1!
Your Air Magic skill increases to level 1!
Your Earth Magic skill increases to level 1!
Your Poison Magic skill increases to level 1!
You have reached level 5!
You see here a flail.
n - a flail
Found a glowing cyan potion.
Unknown command.
Found a hunting sling.
An ogre comes into view. It is wielding a giant club.
The ogre moves out of view.
You see here a glowing cyan potion.
o - a glowing cyan potion You swap places.
That item cannot be evoked!
Unknown command.
Evoke which item? (* to show all) (? for menu, Esc to quit)
Aiming: Corrosive Bolt
Press: ? - help, Shift-Dir - straight line, f - ogre
Aim: an ogre, wielding a giant club The bolt of acid hits the ogre.
The ogre is splashed with acid.
The ogre is almost dead.
You barely miss the ogre.
The ogre is almost dead.
Your spectral weapon fades away.
The ogre closely misses you.
You hit the ogre but do no damage.
The ogre is almost dead.
The ogre hits you with a giant club!
* * * LOW HITPOINT WARNING * * *
You closely miss the ogre.
The ogre is almost dead.
The ogre hits you with a giant club!
You die...

####### #.. ..#
###########
#######.# #.#
#..........
........#
#.####.###......
........###......#
#.####.
.#####...@..######
#.# #. #.##O.##
#.####. #. #..#
#######...... #.
#)................
#.
##.#######...###..
.. #.. #...+ #..
#. #.## #...###..
#.# #.......# ...
#.##....#


You could see an ogre.

Vanquished Creatures
  The ghost of Th3D0c the Skirmisher, an amateur MiBe of Trog (D:4)
  3 gnolls (D:2)
  2 adders (D:2)
  An ooze (D:4)
  An orc (D:3)
  2 goblins
  2 hobgoblins
  4 jackals
  2 bats (D:2)
  3 frilled lizards (D:2)
  4 kobolds
  A rat (D:2)
26 creatures vanquished.

Notes
Turn   | Place    | Note
-------+----------+-------------------------------------------
     0 | D:1      | tidbits the Gnoll Skald began the quest for the Orb.
     0 | D:1      | Reached XP level 1. HP: 20/20 MP: 6/6
    34 | D:2      | Reached XP level 2. HP: 24/26 MP: 1/7
    40 | D:2      | Learned a level 2 spell: Song of Slaying
    43 | D:2      | Learned a level 2 spell: Shroud of Golubria
    56 | D:2      | Reached XP level 3. HP: 29/31 MP: 2/9
    71 | D:2      | Found a sparkling altar of Nemelex Xobeh.
   134 | D:2      | Reached skill level 5 in Spellcasting
   141 | D:2      | Reached skill level 1 in Invocations
   145 | D:2      | Reached skill level 1 in Short Blades
   145 | D:2      | Reached skill level 1 in Long Blades
   145 | D:2      | Reached skill level 1 in Maces & Flails
   145 | D:2      | Reached skill level 1 in Polearms
   145 | D:2      | Reached skill level 1 in Staves
   145 | D:2      | Reached skill level 1 in Slings
   145 | D:2      | Reached skill level 1 in Bows
   145 | D:2      | Reached skill level 1 in Crossbows
   145 | D:2      | Reached skill level 1 in Throwing
   145 | D:2      | Reached skill level 1 in Stealth
   145 | D:2      | Reached skill level 1 in Shields
   145 | D:2      | Reached skill level 1 in Unarmed Combat
   145 | D:2      | Reached skill level 1 in Evocations
   145 | D:2      | Reached XP level 4. HP: 16/38 MP: 0/11
   151 | D:2      | Learned a level 3 spell: Regeneration
   155 | D:2      | Learned a level 3 spell: Spectral Weapon
   263 | D:4      | Noticed Th3D0c's ghost (amateur MiBe)
   280 | D:4      | Killed Th3D0c's ghost
   280 | D:4      | Reached skill level 3 in Armour
   280 | D:4      | Reached skill level 1 in Conjurations
   280 | D:4      | Reached skill level 1 in Hexes
   280 | D:4      | Reached skill level 1 in Summonings
   280 | D:4      | Reached skill level 1 in Necromancy
   280 | D:4      | Reached skill level 1 in Translocations
   280 | D:4      | Reached skill level 1 in Transmutations
   280 | D:4      | Reached skill level 1 in Fire Magic
   280 | D:4      | Reached skill level 1 in Ice Magic
   280 | D:4      | Reached skill level 1 in Air Magic
   280 | D:4      | Reached skill level 1 in Earth Magic
   280 | D:4      | Reached skill level 1 in Poison Magic
   280 | D:4      | Reached XP level 5. HP: 22/43 MP: 3/12
   295 | D:4      | Noticed an ogre
   306 | D:4      | Slain by an ogre

Skill      XL: |  1  2  3  4 |
---------------+-------------+-----
Spellcasting   | 5 |  5.2
Invocations    | 1 |  1.9
Short Blades   | 1 |  1.6
Long Blades    | 1 |  1.6
Maces & Flails | 1 |  1.6
Polearms       | 1 |  1.6
Staves         | 1 |  1.6
Slings         | 1 |  1.6
Bows           | 1 |  1.6
Crossbows      | 1 |  1.6
Throwing       | 1 |  1.6
Stealth        | 1 |  1.6
Shields        | 1 |  1.6
Unarmed Combat | 1 |  1.6
Evocations     | 1 |  1.6
Armour         | 3 |  3.1
Conjurations   | 1 |  1.3
Hexes          | 1 |  1.3
Summonings     | 1 |  1.3
Necromancy     | 1 |  1.3
Translocations | 1 |  1.3
Transmutations | 1 |  1.3
Fire Magic     | 1 |  1.3
Ice Magic      | 1 |  1.3
Air Magic      | 1 |  1.3
Earth Magic    | 1 |  1.3
Poison Magic   | 1 |  1.3
Fighting       | |  4.8
Axes           | |  4.8
Dodging        | |  4.8
Charms         | |  5.6

Action                   |  1- 3 |  4- 6 || total
-------------------------+-------+-------++-------
Melee: Hand axe          |    31 |    25 ||    56
       Bite              |     4 |     1 ||     5
 Cast: Infusion          |     2 |       ||     2
       Song of Slaying   |     1 |     2 ||     3
       Spectral Weapon   |       |     3 ||     3
Evoke: Wand              |       |     3 ||     3
Armor: Leather armour    |     6 |    11 ||    17
Dodge: Dodged            |    27 |    16 ||    43

Table legend:
 A = Turns spent in this place as a percentage of turns spent in the entire game.
 B = Non-inter-level travel turns spent in this place as a percentage of non-inter-level travel turns spent in the entire game.
 C = Inter-level travel turns spent in this place as a percentage of turns spent in this place.
 D = Turns resting spent in this place as a percentage of non-inter-level travel turns spent in this place.
 E = Turns spent auto-exploring this place as a percentage of non-inter-level travel turns spent in this place.
 F = Non-inter-level travel turns spent in this place divided by the number of levels of this place that you've seen.
                   A       B       C       D       E      F
               +-------+-------+-------+-------+-------+----------------------
         Total | 100.0 | 100.0 |   8.2 |   0.0 |   0.0 |  70.2
       Dungeon | 100.0 | 100.0 |   8.2 |   0.0 |   0.0 |  70.2
               +-------+-------+-------+-------+-------+----------------------

Table legend:
 A = Kills in this place as a percentage of kills in entire the game.
 B = Kills by you in this place as a percentage of kills by you in the entire game.
 C = Kills by friends in this place as a percentage of kills by friends in the entire game.
 D = Other kills in this place as a percentage of other kills in the entire game.
 E = Experience gained in this place as a percentage of experience gained in the entire game.
 F = Experience gained in this place divided by the number of levels of this place that you have seen.
                   A       B       C       D       E      F
               +-------+-------+-------+-------+-------+----------------------
         Total | 100.0 | 100.0 |   N/A |   N/A | 100.0 |  77.0
       Dungeon | 100.0 | 100.0 |   N/A |   N/A | 100.0 |  77.0
               +-------+-------+-------+-------+-------+----------------------

Vault maps used:
D:1:      minmay_arrival_semitransparent, roderic_nine_men_s_morris,
          minmay_hexomino_r4
D:2:      chequers_ecumenical_altar_island, nemelex_altar_shiori
D:3:      minitemple, first_ration, xom_redecorated
D:4:      kennysheep_mini_moat, minmay_strange_pillars
